 Dungeon Crawl Stone Soup version 0.30.0-19-g36f170ea60 (webtiles) character file.

Game seed: 10140044702263039712

299 bmack86 the Chopper (level 6, -2/51 HPs)
             Began as a Minotaur Fighter on May 28, 2023.
             Slain by a white imp (3 damage)
             ... on level 5 of the Dungeon.
             The game lasted 00:07:17 (2302 turns).

bmack86 the Chopper (Minotaur Fighter)              Turns: 2302, Time: 00:07:18

Health: -2/51      AC:  9    Str: 29    XL:     6   Next: 13%
Magic:  5/5        EV:  8    Int:  5    God:
Gold:   192        SH:  4    Dex:  9    Spells: 5/5 levels left

rFire   + . .        a - +0 war axe
rCold   + . .        c - +0 buckler
rNeg    . . .        u - +0 chain mail
rPois   .            (helmet restricted)
rElec   .            o - scarf {rC+ rF+}
rCorr   .            (no gloves)
SInv    .            (no boots)
Will    +....        (no amulet) Stlth
                     f - +6 ring of strength
HPRegen 0.28/turn    i - ring of willpower
MPRegen 0.09/turn

%: no passive effects
@: no status effects
A: horns 2, retaliatory headbutt
a: no special abilities


You were on level 5 of the Dungeon.
You visited 1 branch of the dungeon, and saw 5 of its levels.

You collected 192 gold pieces.

Inventory:

Hand Weapons
 a - a +0 war axe (weapon)
Missiles
 g - 8 poisoned darts
 l - 3 silver javelins (quivered)
Armour
 b - a +0 scale mail
 c - a +0 buckler (worn)
 o - a scarf of resistance (worn)
 u - a +0 chain mail (worn)
Jewellery
 f - a +6 ring of strength (left hand)
 i - a ring of willpower (right hand)
 v - a +5 ring of evasion
Wands
 x - a wand of mindburst (15)
Scrolls
 e - a scroll of enchant weapon {unknown}
 k - 2 scrolls of identify {unknown}
 p - a scroll of acquirement {unknown}
 t - 2 scrolls of amnesia {unknown}
 w - a scroll of vulnerability {unknown}
 y - a scroll of immolation {unknown}
Potions
 d - a potion of might
 h - a potion of cancellation {unknown}
 m - a potion of flight {unknown}
 n - 2 potions of ambrosia {unknown}
 q - a potion of haste {unknown}
 r - a potion of degeneration {unknown}
 s - a potion of curing
 z - a potion of attraction {unknown}
 A - a potion of heal wounds {unknown}


   Skills:
 - Level 3.6 Fighting
 + Level 7.9 Axes
 - Level 3.6 Armour
 - Level 3.6 Shields


You had 5 spell levels left.
You didn't know any spells.
Your spell library contained the following spells:

 Spells                   Type           Power      Damage    Failure   Level
 Kiss of Death            Conj/Necr      0%         2d5       95%         1
 Magic Dart               Conj           0%         1d3       95%         1
 Necrotise                Necr           0%         1d4       95%         1
 Call Imp                 Summ           0%         N/A       99%         2
 Confusing Touch          Hex            0%         N/A       100%        3
 Gell's Gravitas          Tloc           0%         N/A       100%        3
 Mephitic Cloud           Conj/Pois/Air  0%         N/A       100%        3
 Teleport Other           Tloc           0%         N/A       100%        3
 Tukima's Dance           Hex            0%         N/A       100%        3
 Vampiric Draining        Necr           0%         2d6       100%        3
 Dispel Undead            Necr           0%         3d6       100%        4
 Passage of Golubria      Tloc           0%         N/A       100%        4
 Agony                    Necr           0%         N/A       100%        5
 Yara's Violent Unravell  Hex/Tmut       0%         3d3       100%        5
 Dispersal                Tloc           0%         N/A       100%        6


Dungeon Overview and Level Annotations

Branches:
Dungeon (4/15)
 Temple: D:4-7

Altars:
Ashenzari
Kikubaaqudgha
Sif Muna


Innate Abilities, Weirdness & Mutations

You have a pair of horns on your head.
You reflexively headbutt those who attack you in melee.


Message History

A yak comes into view.
You barely miss the yak. You slash the black bear!
The black bear closely misses you.
The black bear claws you but does no damage. x2
The yak gores you. The white imp gestures at you.
The puff of frost hits you but does no damage.
The black bear closely misses you.
The black bear claws you but does no damage.
The black bear closely misses you. The yak closely misses you.
You slash the yak!
The yak is moderately wounded.
You closely miss the black bear. The yak gores you but does no damage.
The black bear bites you! The black bear closely misses you.
The black bear claws you but does no damage.
The white imp gestures at you. The puff of frost hits you. You resist.
You barely miss the yak.
The yak is moderately wounded.
You hit the black bear. You block the yak's attack. The black bear bites you.
The black bear claws you but does no damage. x2
Unknown command.
You barely miss the yak. You headbutt the yak!
The yak is severely wounded.
You barely miss the white imp. You completely miss the black bear.
You closely miss the yak. The white imp gestures at you.
The puff of frost hits you. You resist. The yak barely misses you.
The yak gores you!
* * * LOW HITPOINT WARNING * * *
The black bear bites you but does no damage.
The black bear claws you but does no damage.
You block the black bear's attack.
You completely miss the yak.
The yak is severely wounded.
You hit the yak but do no damage. You barely miss the white imp.
You closely miss the black bear. The yak gores you!
* * * LOW HITPOINT WARNING * * *
The white imp hits you.
You die...

*,*,,,....######........,,,,****,
*,,,,,.........#...:....,,,,,,,,,
***,,,..,..**#...≈......,,,,,,,,,
*,,<,,,...###..≈..####,**,,,,,,
******,........≈..##..,,,,,,,*,
*,........≈?.....,**,,,,,,
*,.......$......#*****,,,,
*,......#h......# *,,,,
*,......5@_.##..#********,
*,.......YY.#*##.,~~~~~,,*
*,..)...#.Y.#***,~,,,,,~,*
*,......#.≈Y#,,*,~,~~~,~,*
*,......#.≈.Y,,*,~~,,,~~,*
**.##.#*#.≈...,*,~~,_,~~,*
**,*#.* #.≈.>..*,~~,,,~~,*
*,,*.,* #....!.#,~,~~~,~,*
*******,*,,** *,,,,,,*,~,,,,,~,*


You could see 5 yaks, a black bear and a white imp.

Vanquished Creatures
  A scorpion (D:5)
  A jelly (D:4)
  A gnoll bouda (D:4)
  Ijyb (D:4)
  3 gnolls (D:4)
  5 adders
  6 dart slugs
  6 ball pythons
  6 endoplasms
  2 giant cockroaches
  8 goblins
  9 hobgoblins
  4 jackals
  5 kobolds
  2 quokkas
  4 bats
  2 frilled lizards
  3 rats
69 creatures vanquished.

Notes
Turn   | Place    | Note
-------+----------+-------------------------------------------
     0 | D:1      | bmack86 the Minotaur Fighter began the quest for the Orb.
     0 | D:1      | Reached XP level 1. HP: 19/19 MP: 0/0
    75 | D:1      | Reached skill level 3 in Axes
   118 | D:1      | Found a faded altar of an unknown god.
   233 | D:1      | Reached XP level 2. HP: 26/26 MP: 1/1
   556 | D:2      | Reached skill level 4 in Axes
   591 | D:2      | Reached XP level 3. HP: 31/31 MP: 2/2
   637 | D:2      | Found a broken altar of Ashenzari.
   745 | D:2      | Reached skill level 5 in Axes
  1248 | D:3      | Found an ancient bone altar of Kikubaaqudgha.
  1315 | D:3      | Reached XP level 4. HP: 39/39 MP: 3/3
  1783 | D:4      | Noticed Ijyb
  1792 | D:4      | Killed Ijyb
  1793 | D:4      | Reached skill level 6 in Axes
  1949 | D:4      | Reached XP level 5. HP: 32/45 MP: 4/4
  2149 | D:4      | Reached skill level 7 in Axes
  2248 | D:4      | You fall into a shaft and drop 1 floor!
  2248 | D:5      | Entered Level 5 of the Dungeon
  2284 | D:5      | Reached XP level 6. HP: 51/51 MP: 5/5
  2290 | D:5      | Found a shimmering blue altar of Sif Muna.
  2294 | D:5      | Noticed a yak
  2296 | D:5      | Noticed a yak
  2296 | D:5      | Noticed a yak
  2297 | D:5      | Noticed a yak
  2297 | D:5      | Noticed a yak
  2302 | D:5      | HP: 1/51 [yak (12)]
  2302 | D:5      | Slain by a white imp

Illustrated notes

Levels and vault maps discovered:
D:1:      onia_arrival_pentagram, layout_basic,
          ebering_ecumenical_altar_petrified
D:2:      layout_loops_cross, basic_altar
D:3:      layout_rooms, kiku_gazebo_pond_becter, minmay_misc_feat_more_columns,
          hangedman_abyss_or_decor_stabs
D:4:      layout_basic, serial_bayou_lagoon_b, uniq_ijyb
D:5:      layout_rooms, mainiacjoe_overflow_boulevard,
          mainiacjoe_overflow_paths, serial_glass, glass_columns_a,
          glass_columns_b, item_on_display_a, item_on_display_a,
          item_on_display_a

Skill      XL: |  1  2  3  4  5 |
---------------+----------------+-----
Axes           | 3 4 5 6 7 |  7.9
Fighting       | |  3.6
Armour         | |  3.6
Shields        | |  3.6

Action                     |  1- 3 |  4- 6 || total
---------------------------+-------+-------++-------
  Melee: War axe           |    72 |    59 ||   131
         Headbutt          |     6 |    12 ||    18
    Use: Scroll            |     1 |     2 ||     3
 Armour: Scale mail        |    31 |       ||    31
         Chain mail        |    13 |    38 ||    51
  Dodge: Dodged            |    35 |    24 ||    59
  Block: Buckler           |    19 |    18 ||    37
